 Dungeon Crawl Stone Soup version 0.29.0-4-gdea44cf6ec (webtiles) character file.

Game seed: 14567029878476051911

61 qw the Chopper (level 4, -7/26 HPs)
             Began as a Tengu Warper on Aug 28, 2022.
             Killed by nerve-wracking pain
             ... invoked by Grinder
              (13 damage)
             ... on level 3 of the Dungeon.
             The game lasted 00:00:10 (2431 turns).

qw the Chopper (Tengu Warper)                       Turns: 2431, Time: 00:00:10

Health: -7/26      AC: 10    Str: 13    XL:     4   Next: 7%
Magic:  8/8        EV:  3    Int: 14    God:
Gold:   162        SH:  0    Dex: 13    Spells: 7/7 levels left

rFire   + . .      SeeInvis .   Y - +0 hand axe (drain)
rCold   . . .      Faith    .   (no shield)
rNeg    . . .      Spirit   .   i - +0 plate armour
rPois   .          Reflect  .   (helmet restricted)
rElec   .          Harm     .   (no cloak)
rCorr   .          Rampage  .   (no gloves)
Will    .....                   (boots unavailable)
Stlth   ..........              (no amulet)
HPRegen 0.08/turn               e - ring of protection from fire
MPRegen 0.11/turn               (no ring)

@: no status effects
A: beak, talons 3
a: no special abilities


You were on level 3 of the Dungeon.
You visited 1 branch of the dungeon, and saw 3 of its levels.

You collected 162 gold pieces.


Innate Abilities, Weirdness & Mutations

You have a beak for a mouth.
You have claws for feet.


   Skills:
 - Level 2.0 Fighting
 + Level 4.3 Axes
 - Level 1.0 Throwing
 - Level 2.0 Armour
 - Level 2.1 Dodging
 - Level 2.0 Spellcasting
 - Level 2.4 Translocations


You had 7 spell levels left.
You didn't know any spells.
Your spell library contained the following spells:

 Spells                   Type           Power      Damage    Failure   Level
 Blink                    Tloc           16%        N/A       100%        2
 Gell's Gravitas          Tloc           8%         N/A       100%        3
 Lesser Beckoning         Tloc           8%         N/A       100%        3
 Teleport Other           Tloc           8%         N/A       100%        3
 Manifold Assault         Tloc           8%         N/A       100%        5

Inventory:

Hand Weapons
 f - a +0 whip
 Y - a +0 hand axe of draining (weapon)
Armour
 i - a +0 plate armour (worn)
Jewellery
 e - a ring of protection from fire (left hand)
Scrolls
 d - a scroll of identify
Potions
 b - 3 potions of heal wounds {unknown}
 j - a potion of cancellation {unknown}

Dungeon Overview and Level Annotations

Branches:
Dungeon (3/15)

Altars:
Vehumet

Annotations:
D:3 Grinder


Message History

A frilled lizard comes into view.
Found 32 gold pieces.
The frilled lizard hisses angrily.
You closely miss the frilled lizard. You claw the frilled lizard.
You kill the frilled lizard!
You now have 122 gold pieces (gained 12).
You now have 131 gold pieces (gained 9).
You now have 136 gold pieces (gained 5).
You now have 147 gold pieces (gained 11).
You now have 162 gold pieces (gained 15).
You see here a frilled lizard corpse.
You see here a human skeleton.
Found an escape hatch in the floor.
There is an escape hatch in the floor here.
There is an open door here.
You open the door.
Found a falchion.
There is an open door here.
A frilled lizard comes into view.
The frilled lizard hisses angrily.
You hit the frilled lizard.
You kill the frilled lizard!
You see here a frilled lizard corpse.
You open the door.
Grinder comes into view.
Grinder shouts!
Grinder gestures at you. Pain shoots through your body!
Ouch! That really hurt!
Found a ruby potion.
2428 ||| Stepping ~*~*~tactically~*~*~ (hiding).
Grinder gestures at you. You resist with significant effort.
There is an open door here.
Grinder hits you.
You writhe in agony.
You hit Grinder but do no damage. You claw Grinder, but do no damage.
Grinder gestures at you. Pain shoots through your body!
Ouch! That really hurt!
You die...

###### .....#
##### .....#
#...# .....##
#...##..!....
+...'@5.#
#...###.#
#...# # #...#
#...# #...#
#...########
#...........
####........


You could see Grinder.

Vanquished Creatures
  3 adders (D:2)
  An endoplasm (D:3)
  2 giant cockroaches (D:1)
  4 goblins
  A hobgoblin (D:1)
  3 quokkas
  3 ball pythons
  4 bats
  4 frilled lizards
  7 kobolds
  4 rats
36 creatures vanquished.

Notes
Turn   | Place    | Note
-------+----------+-------------------------------------------
     0 | D:1      | qw the Tengu Warper began the quest for the Orb.
     0 | D:1      | Reached XP level 1. HP: 12/12 MP: 4/4
     0 | D:1      | 0 ||| qw: Version: 0.1-a-89-g26bdef1
     0 | D:1      | 0 ||| qw: Game counter: 2550
     0 | D:1      | 0 ||| qw: Always use a shield: true
     0 | D:1      | 0 ||| qw: God list: Okawaru
     0 | D:1      | 0 ||| qw: Allow faded altars: false
     0 | D:1      | 0 ||| qw: Do Orc after D:15 true
     0 | D:1      | 0 ||| qw: Do second Lair branch before Depths: true
     0 | D:1      | 0 ||| qw: Lair rune preference: random
     0 | D:1      | 0 ||| qw: Plans: Normal
     0 | D:1      | 0 ||| PLANNING D:1-11
   303 | D:1      | Reached XP level 2. HP: 17/17 MP: 6/6
   303 | D:1      | Found a faded altar of an unknown god.
   325 | D:1      | Reached skill level 3 in Axes
   899 | D:1      | 899 ||| UPGRADING to +0 ring mail.
   909 | D:1      | 909 ||| DROPPING +0 leather armour.
   910 | D:1      | 910 ||| UPGRADING to +0 chain mail.
   920 | D:1      | 920 ||| DROPPING +0 ring mail.
   921 | D:1      | 921 ||| UPGRADING to +0 plate armour.
   931 | D:1      | 931 ||| DROPPING +0 chain mail.
   932 | D:1      | 932 ||| DROPPING scarf of invisibility.
   933 | D:1      | 933 ||| DROPPING orb of light.
   934 | D:1      | 934 ||| UPGRADING to ring of protection from fire.
   935 | D:1      | 935 ||| READING scroll labelled RUSEOR JOJONI.
   936 | D:1      | 936 ||| READING scroll labelled TOTE SEOSMUD.
   937 | D:1      | 937 ||| READING scroll labelled KOVOSAE TIUZIO.
   942 | D:1      | 942 ||| READING scroll labelled LATEEG XO UTE.
   943 | D:1      | 943 ||| DROPPING scroll of blinking.
  1247 | D:2      | Reached XP level 3. HP: 10/21 MP: 7/7
  1434 | D:2      | Reached skill level 4 in Axes
  1477 | D:2      | 1477 ||| DROPPING +0 club.
  1657 | D:2      | 1657 ||| Stepping ~*~*~tactically~*~*~ (stealth).
  1658 | D:2      | 1658 ||| Stepping ~*~*~tactically~*~*~ (stealth).
  2128 | D:2      | 2128 ||| READING scroll labelled DIMEPE QEJUFEC.
  2129 | D:2      | 2129 ||| READING scroll labelled COLETS GOAK.
  2130 | D:2      | 2130 ||| READING scroll labelled YSODGH PINK.
  2175 | D:3      | Reached XP level 4. HP: 26/26 MP: 8/8
  2262 | D:3      | Found a faded altar of an unknown god.
  2266 | D:3      | Found a radiant altar of Vehumet.
  2427 | D:3      | Noticed Grinder
  2428 | D:3      | 2428 ||| Stepping ~*~*~tactically~*~*~ (hiding).
  2430 | D:3      | HP: 6/26 [Grinder (5)]
  2431 | D:3      | Killed from afar by Grinder

Levels and vault maps discovered:
D:1:      doesnt_arrival_eight_statues, layout_loops_ring,
          shapermc_ecumenical_altar_totnotflames
D:2:      layout_basic, minivault_23
D:3:      layout_basic, mainiacjoe_overflow_catwalk,
          nicolae_overflow_ecumenical_swirl,
          wander_ebering_terrifying_dragon_lair, uniq_grinder

Skill      XL: |  1  2  3 |
---------------+----------+-----
Axes           | 3 4 |  4.3
Armour         | 2 |  2.0
Fighting       | |  2.0
Throwing       | |  1.0
Dodging        | |  2.1
Spellcasting   | |  2.0
Translocations | |  2.4

Action                   |  1- 3 |  4- 6 || total
-------------------------+-------+-------++-------
Melee: Hand axe          |    69 |     8 ||    77
       Peck              |     5 |     1 ||     6
       Kick              |    15 |     2 ||    17
Throw: Boomerang         |     7 |       ||     7
  Use: Scroll            |     7 |       ||     7
Armor: Leather armour    |     4 |       ||     4
       Plate armour      |    40 |     3 ||    43
Dodge: Dodged            |    17 |       ||    17

Table legend:
 A = Non-vault XP
 B = Vault XP
 C = Vault XP percentage of total XP
 D = Non-vault monster count
 E = Vault monster count
 F = Vault count percentage of total count
                 A         B        C        D         E       F
            +---------+---------+-------+---------+---------+-------
      Total |      87 |       1 |   1.1 |      35 |       1 |   2.8
            +---------+---------+-------+---------+---------+-------
        D:1 |      22 |       0 |   0.0 |      14 |       0 |   0.0
        D:2 |      59 |       0 |   0.0 |      16 |       0 |   0.0
        D:3 |       6 |       1 |  14.3 |       5 |       1 |  16.7
            +---------+---------+-------+---------+---------+-------
